cohdb
Replays
Latest Replays
All Replays
Popular Replays
Top Player Replays
Match Explorer
How It Works
Community
CoH3 Stats
Reddit
Sign in to upload your games and track your stats! →
Sign in with Steam
Match 31285058
Unlisted
Match 31285058
Overview
Messages
Build Orders
End
Construct Infanterie Kompanie
Pioneer Squad
MG 42 Machine Gun Team
Selects Breakthrough Battlegroup
Selects Assault Grenadiers
GrW 34 Mortar Team
Medical Station
Construct Panzergrenadier Kompanie
Panzergrenadier Squad
Panzergrenadier Squad
Panzergrenadier Squad
Panzergrenadier Squad
Construct Luftwaffe Kompanie
Jäger Squad
Jäger Squad
Construct Panzer Kompanie
Panzer IV Medium Tank
BANE
5DALSOO
fil-Ita
Infantry
gUi
Basinus
0
0
Comments
sign in to comment!
No comments posted yet!